 Dungeon Crawl Stone Soup version 0.27-a0-1281-ge233d83751 (webtiles) character file.

Game seed: 9117392916454283301

8591 Johnny the Thaumaturge (level 11, 0/72 HPs)
             Began as a Deep Elf Earth Elementalist on June 14, 2021.
             Was a Priest of Dithmenos.
             Killed from afar by an electric eel (10 damage)
             ... with a bolt of electricity
             ... on level 10 of the Dungeon.
             The game lasted 00:11:19 (11624 turns).

Johnny the Thaumaturge (DEEE)                      Turns: 11624, Time: 00:11:19

Health: 0/72       AC: 14    Str:  5    XL:     11   Next: 11%
Magic:  20/28      EV: 11    Int: 24    God:    Dithmenos [***...]
Gold:   360        SH:  0    Dex: 15    Spells: 20/33 levels left

rFire    . . .     SeeInvis +   E - +5 scimitar (flame)
rCold    . . .     Faith    .   (no shield)
rNeg     + . .     Spirit   .   i - +0 troll leather armour
rPois    +         Reflect  .   b - +1 helmet of Geuxt {rN+ Slay+3 SInv}
rElec    .         Harm     .   C - +2 cloak {rPois}
rCorr    .         Rampage  .   h - +0 pair of gloves
Will     ++...                  (no boots)
Stlth    +.........             (no amulet)
HPRegen  1.22/turn              f - +4 ring of protection
MPRegen  0.21/turn              m - ring of willpower

@: about to teleport, wreathed by umbra, very slow
A: no striking features
a: Renounce Religion, Shadow Step


You were on level 10 of the Dungeon.
You worshipped Dithmenos.
Dithmenos was most pleased with you.
You visited 2 branches of the dungeon, and saw 11 of its levels.

You collected 360 gold pieces.

Inventory:

Hand Weapons
 E - a +5 scimitar of flaming (weapon)
Missiles
 e - 129 stones
 j - 4 throwing nets
Armour
 b - the +1 helmet of Geuxt (worn) {rN+ Slay+3 SInv}
   (You acquired it on level 6 of the Dungeon)

   It affects your accuracy and damage with ranged weapons and melee attacks
   (+3).
   It protects you from negative energy.
   It lets you see invisible.
 h - a +0 pair of gloves (worn)
 i - a +0 troll leather armour (worn)
 w - a +2 robe of willpower
 C - a +2 cloak of poison resistance (worn)
Magical Staves
 F - a staff of conjuration
Jewellery
 c - a ring of protection from fire
 f - a +4 ring of protection (left hand)
 m - a ring of willpower (right hand)
 s - a ring of protection from fire
Wands
 z - a wand of flame (27)
 A - a wand of acid (5)
 G - a wand of iceblast (21)
Scrolls
 d - 2 scrolls of amnesia
 l - a scroll of brand weapon
 o - 2 scrolls of enchant armour
 q - 4 scrolls of teleportation
 H - a scroll of blinking {unknown}
Potions
 a - a potion of curing
 g - 2 potions of resistance {unknown}
 k - 3 potions of might {unknown}
 n - 3 potions of magic {unknown}
 p - 2 potions of brilliance {unknown}
 r - a potion of degeneration {unknown}
 t - 4 potions of flight {unknown}
 u - 2 potions of berserk rage {unknown}
 v - 2 potions of heal wounds
 x - 2 potions of cancellation {unknown}
 B - a potion of mutation {unknown}
 D - 2 potions of invisibility {unknown}


   Skills:
 * Level 10.3 Fighting
 - Level 2.4 Dodging
 - Level 2.4 Stealth
 + Level 11.5 Spellcasting
 - Level 1.1 Transmutations
 + Level 10.1 Earth Magic


You had 20 spell levels left.
You knew the following spells:

 Your Spells              Type           Power      Damage    Failure   Level
a - Sandblast             Erth           100%       2d20      1%          1
b - Stone Arrow           Conj/Erth      76%        3d11      2%          3
c - Lee's Rapid Deconstr  Erth           29%        3d16*     3%          5
d - Petrify               Tmut/Erth      40%        N/A       8%          4

Your spell library contained the following spells:

 Spells                   Type           Power      Damage    Failure   Level
 Passwall                 Tmut/Erth      33%        N/A       1%          2


Dungeon Overview and Level Annotations

Branches:
Dungeon (10/15)            Temple (1/1) D:5            Lair (0/6) D:9
    Orc: D:9-12

Altars:
Ashenzari
Cheibriados
Dithmenos
Elyvilon
Fedhas
Gozag
Hepliaklqana
Kikubaaqudgha
Makhleb
Nemelex Xobeh
Okawaru
Qazlal
Ru
Sif Muna
Trog
Uskayaw
Vehumet
Wu Jian
Xom
Yredelemnul
Zin
The Shining One


Message History

Done exploring.
There is an open door here.
There is an escape hatch in the floor here.
You slide downwards.
The hatch slams shut behind you. 4 yaks, an orc and an electric eel come into view.
The yak gores you but does no damage. x2
Casting: Stone Arrow (mildly dangerous; 2% risk of failure)
Confirm with . or Enter, or press ? or * to list all spells.
Aiming: Stone Arrow (mildly dangerous; 2% risk of failure)
Press: ? - help, Shift-Dir - straight line, f - electric eel
Aim: an electric eel (umbra, 57% to hit)
The stone arrow misses the electric eel.
The yak bellows! x2; You hear a shout!
The yak closely misses you.
Casting: Stone Arrow (mildly dangerous; 2% risk of failure)
Confirm with . or Enter, or press ? or * to list all spells.
Aiming: Stone Arrow (mildly dangerous; 2% risk of failure)
Press: ? - help, Shift-Dir - straight line, f/p - electric eel
Aim: an electric eel (umbra, 57% to hit)
The stone arrow misses the electric eel.
The yak misses you. The yak gores you! x2
Casting: Stone Arrow (mildly dangerous; 2% risk of failure)
Confirm with . or Enter, or press ? or * to list all spells.
Aiming: Stone Arrow (mildly dangerous; 2% risk of failure)
Press: ? - help, Shift-Dir - straight line, f/p - electric eel
Aim: an electric eel (umbra, 57% to hit)
The stone arrow misses the electric eel.
The yak gores you! The yak gores you but does no damage. The yak misses you.
As you read the scroll of teleportation, it crumbles to dust.
You feel strangely unstable. The yak gores you! The yak gores you.
The yak gores you!
* * * LOW HITPOINT WARNING * * *
You enter the shallow water.
Moving in this stuff is going to be slow.
An orc priest comes into view. It is wielding a +0 whip.
The electric eel shoots out a bolt of lightning at you!
The bolt of electricity hits you!
* * * LOW HITPOINT WARNING * * *
The bolt of electricity hits you!
You die...

... o. ≈. #≈
## .⌠ #≈≈ ..#
...#≈≈# #..#
###≈≈≈≈###...#
..≈≈≈≈≈@YYY..#
..≈≈≈≈≈;.Y...#
###≈≈≈≈###...#
...#≈≈# ..# .⌠
#≈≈ .# . #≈≈ #
≈. ...


You could see 4 yaks, an electric eel and an orc priest.

Vanquished Creatures
  Erica (D:8)
  Maurice (D:9)
  Prince Ribbit (D:7)
  A hornet (D:9)
  A troll (D:10)
  Grinder (D:3)
  A wraith (D:9)
  A wyvern (D:8)
  18 yaks
  Grum (D:9)
  2 steam dragons
  2 water moccasins
  A black bear (D:8)
  2 orc warriors
  A sky beast (D:6)
  An ogre (D:5)
  2 wolves (D:9)
  6 centaurs
  A phantom (D:6)
  A kobold brigand (D:9)
  A gnoll sergeant (D:6)
  Blork the orc (D:5)
  2 bullfrogs (D:7)
  5 scorpions
  3 wights (D:6)
  4 howler monkeys
  2 jellies
  A centaur zombie (D:5)
  6 orc priests
  4 hounds
  Crazy Yiuf (D:3)
  A gnoll shaman (D:7)
  Jessica (D:3)
  2 centaur skeletons
  9 iguanas
  5 orc wizards
  A scorpion zombie (D:5)
  3 killer bee zombies
  12 gnolls
  8 adders
  A howler monkey skeleton (D:6)
  An ufetubus (D:6)
  An adder skeleton (D:4)
  A worm (D:3)
  3 dart slugs
  29 orcs
  7 ball pythons
  6 bats
  5 endoplasms
  2 giant cockroaches
  12 goblins
  8 hobgoblins
  7 jackals
  A quokka (D:2)
  3 frilled lizards
  7 kobolds
  6 rats
218 creatures vanquished.

Notes
Turn   | Place    | Note
-------+----------+-------------------------------------------
     0 | D:1      | Johnny the Deep Elf Earth Elementalist began the quest for
                  | the Orb.
     0 | D:1      | Reached XP level 1. HP: 10/10 MP: 6/6
   161 | D:1      | Reached XP level 2. HP: 16/16 MP: 2/8
   287 | D:1      | Reached skill level 1 in Fighting
  1110 | D:2      | Reached XP level 3. HP: 17/20 MP: 10/10
  1719 | D:3      | Noticed Jessica
  1721 | D:3      | Noticed Grinder
  1825 | D:4      | Reached XP level 4. HP: 26/26 MP: 8/11
  1838 | D:4      | Reached skill level 4 in Spellcasting
  2017 | D:4      | Reached XP level 5. HP: 31/31 MP: 10/13
  2631 | D:4      | Learned a level 3 spell: Stone Arrow
  2901 | D:5      | Entered Level 5 of the Dungeon
  2921 | D:5      | Reached XP level 6. HP: 37/37 MP: 9/15
  3023 | D:5      | Reached skill level 5 in Spellcasting
  3027 | D:5      | Noticed an orc warrior
  3162 | D:5      | Reached skill level 5 in Earth Magic
  3326 | D:5      | Reached XP level 7. HP: 24/43 MP: 14/17
  3736 | D:5      | Reached skill level 6 in Spellcasting
  3904 | D:5      | Reached skill level 5 in Fighting
  3983 | D:5      | Reached XP level 8. HP: 49/49 MP: 12/20
  4067 | D:5      | Found a staircase to the Ecumenical Temple.
  4128 | D:5      | Found a white marble altar of Elyvilon.
  4167 | Temple   | Entered the Ecumenical Temple
  4314 | Temple   | Became a worshipper of Dithmenos the Shadowed
  4458 | D:5      | Noticed Blork the orc
  4465 | D:5      | Killed Blork the orc
  4762 | D:3      | Found a sacrificial altar of Ru.
  4763 | D:3      | Found a basalt altar of Yredelemnul.
  4869 | D:3      | Reached skill level 7 in Spellcasting
  4874 | D:3      | Found a sparkling altar of Nemelex Xobeh.
  4874 | D:3      | Found a stormy altar of Qazlal.
  4874 | D:3      | Found a hide-covered altar of Uskayaw.
  4878 | D:3      | Found a shimmering altar of Xom.
  4972 | D:3      | Killed Jessica
  5499 | D:3      | Reached * piety under Dithmenos
  5699 | D:3      | Killed Grinder
  5821 | D:3      | Found a runed translucent door.
  5822 | D:3      | Noticed Crazy Yiuf
  5991 | D:3      | Killed Crazy Yiuf
  6463 | D:6      | Reached skill level 8 in Spellcasting
  6653 | D:6      | Reached XP level 9. HP: 56/56 MP: 19/23
  6943 | D:6      | Identified a scroll of acquirement
  7058 | D:6      | Acquired the +1 helmet of Geuxt {rN+ Slay+3 SInv}
  7655 | D:7      | Noticed Prince Ribbit
  7662 | D:7      | Killed Prince Ribbit
  7663 | D:7      | Reached skill level 9 in Spellcasting
  7863 | D:7      | Reached ** piety under Dithmenos
  9040 | D:8      | Reached XP level 10. HP: 57/65 MP: 18/25
  9047 | D:8      | Reached skill level 10 in Spellcasting
  9194 | D:7      | Learned a level 5 spell: Lee's Rapid Deconstruction
  9199 | D:7      | Learned a level 4 spell: Petrify
  9349 | D:8      | Found an ornate altar of the Wu Jian Council.
  9359 | D:8      | Noticed Erica
  9363 | D:8      | Killed Erica
 10128 | D:9      | Noticed Grum
 10137 | D:9      | Killed Grum
 10234 | D:9      | Noticed Maurice
 10247 | D:9      | Killed Maurice
 10248 | D:9      | Reached skill level 11 in Spellcasting
 10262 | D:9      | Reached *** piety under Dithmenos
 10263 | D:9      | Reached skill level 10 in Fighting
 10502 | D:9      | Found a staircase to the Lair.
 10568 | D:9      | Reached XP level 11. HP: 68/72 MP: 14/28
 11255 | D:10     | Entered Level 10 of the Dungeon
 11431 | D:10     | Reached skill level 10 in Earth Magic
 11624 | D:10     | Killed from afar by an electric eel

Illustrated notes

Levels and vault maps discovered:
D:1:      minmay_arrival_stair_chambers, layout_basic
D:2:      layout_rooms, minmay_misc_feat_doors, kennysheep_path_1
D:3:      layout_basic, grunt_temple_overflow_open, st_stairs_12,
          kennysheep_generic_room_6, uniq_jessica, uniq_crazy_yiuf_cottage,
          uniq_grinder
D:4:      layout_basic
D:5:      kennysheep_spiral_hall, layout_basic, elyvilon_altar_3,
          minmay_temple_entry_junction, wad_rectangle_vault, uniq_blork_the_orc
D:6:      layout_gridville, grunt_ministairs_10
D:7:      layout_basic, uniq_prince_ribbit1
D:8:      layout_cave_pools, nzn_wu_jian_contemplation, uniq_erica
D:9:      layout_stronghold, lair_entry_dummy, uniq_grum, uniq_maurice
D:10:     layout_cross, amcnicky_mini_rare_corridor_liquid, fountainhead
Temple:   eino_narrow_crystal_temple

Skill      XL: |  1  2  3  4  5  6  7  8  9 10 11 |
---------------+----------------------------------+-----
Fighting       | 1 2 3 4 5 6 8 10 | 10.3
Earth Magic    | 4 5 6 7 8 9 10 | 10.1
Spellcasting   | 4 5 6 8 9 11 | 11.5
Dodging        | |  2.4
Stealth        | |  2.4
Transmutations | |  1.1

Action                   |  1- 3 |  4- 6 |  7- 9 | 10-12 || total
-------------------------+-------+-------+-------+-------++-------
Melee: Short sword       |    56 |     3 |   119 |       ||   178
       Scimitar          |       |       |       |    41 ||    41
 Cast: Sandblast         |    33 |    56 |    82 |    23 ||   194
       Stone Arrow       |       |     3 |    97 |    55 ||   155
       Lee's Rapid Decon |       |       |       |     8 ||     8
Evoke: Wand              |       |       |     1 |     7 ||     8
  Use: Scroll            |       |       |     8 |     2 ||    10
 Stab: Sleeping          |     5 |     1 |     2 |     1 ||     9
       Distracted        |       |       |     1 |       ||     1
Armor: Robe              |    28 |     8 |    80 |    41 ||   157
       Troll leather arm |       |       |       |     3 ||     3
Dodge: Dodged            |    49 |    17 |   153 |    65 ||   284
       Rpst.: Scimitar   |       |       |       |    14 ||    14

Table legend: (Time is in decaauts)
 A = Elapsed time spent in this place.
 B = Non-inter-level travel time spent in this place.
 C = Inter-level travel time spent in this place.
 D = Time resting spent in this place.
 E = Time spent auto-exploring this place.
 F = Levels seen in this place.
 G = Mean time per level.
                   A        B        C        D        E       F      G
               +--------+--------+--------+--------+--------+-----+--------+
         Total |  11665 |  11135 |    530 |   1773 |   7818 |  11 | 1060.5 |
       Dungeon |  11502 |  11009 |    493 |   1773 |   7695 |  10 | 1150.2 |
        Temple |    162 |    125 |     37 |      0 |    123 |   1 |  162.0 |
               +--------+--------+--------+--------+--------+-----+--------+

Top non-repeatable levels by time:
     D:9: 1695 daAuts
     D:7: 1674 daAuts
     D:5: 1660 daAuts
     D:3: 1485 daAuts
     D:4: 1195 daAuts
     D:6: 1144 daAuts
     D:8: 974 daAuts
     D:2: 835 daAuts
     D:1: 780 daAuts
  Temple: 162 daAuts
    D:10: 57 daAuts
